 Dungeon Crawl Stone Soup version 0.18-a0-1180-g64ccc1e (webtiles) character file.

70 Minkie the Skirmisher (level 4, -1/29 HPs)
             Began as a Gargoyle Fighter on Jan 27, 2016.
             Blown up by Ijyb (17 damage)
             ... with a wand of disintegration
             ... on level 3 of the Dungeon.
             The game lasted 00:05:30 (1675 turns).

Minkie the Skirmisher (Gargoyle Fighter)            Turns: 1675, Time: 00:05:30

Health: -1/29      AC: 11    Str: 19    XL:     4   Next: 21%
Magic:  4/4        EV:  7    Int: 10    God:
Gold:   77         SH:  9    Dex:  9    Spells: 0 memorised, 3 levels left

rFire  . . .     SeeInvis .     a - +0 flail
rCold  + . .     Gourm    .     b - +0 scale mail
rNeg   + . .     Faith    .     c - +0 shield
rPois  ∞         Spirit   .     (no helmet)
rElec  +         Dismiss  .     k - +0 cloak
rCorr  .         Reflect  .     (no gloves)
SustAt .         Harm     .     (no boots)
MR     .....                    (no amulet)
Stlth  ..........               (no ring)
                                n - ring of protection from cold

@: not resistant to hostile enchantments, extremely unstealthy
A: negative energy resistance 1, electricity resistance, unbreathing,
petrification resistance, rot immunity, AC +3
a: no special abilities


You were on level 3 of the Dungeon.
You were not hungry.

You visited 1 branch of the dungeon, and saw 3 of its levels.

You collected 77 gold pieces.

Inventory:

Hand Weapons
 a - a +0 flail (weapon)
Armour
 b - a +0 scale mail (worn)
 c - a +0 shield (worn)
 k - a +0 cloak (worn)
Jewellery
 n - a ring of protection from cold (left hand)
 p - an uncursed ring of ice {unknown}
Wands
 r - a wand of invisibility (5/9)
Scrolls
 j - 2 scrolls of enchant armour {unknown}
 l - 2 scrolls of remove curse {unknown}
 q - a scroll of teleportation {unknown}
Potions
 d - a potion of might
 e - a potion of flight {unknown}
 g - a potion of brilliance {unknown}
 i - a potion of beneficial mutation {unknown}
 m - a potion of magic {unknown}
Comestibles
 f - 2 bread rations
 h - a royal jelly
 o - 5 chunks of flesh


   Skills:
 + Level 4.0 Fighting
 * Level 3.0 Maces & Flails
 + Level 3.8 Armour
 + Level 3.7 Shields


You had 3 spell levels left.
You didn't know any spells.

Dungeon Overview and Level Annotations

Branches:
Dungeon (3/15)

Altars:
Nemelex Xobeh

Annotations:
D:3 Ijyb


Innate Abilities, Weirdness & Mutations

You are resistant to torment.
Your stone body is resilient (AC +3).
You are immune to poison.
You resist negative energy.
You are resistant to electric shocks.
You can survive without breathing.
You are immune to petrification.
You are immune to rotting.


Message History

o - 5 chunks of flesh (gained 2)
Found a dagger.
Ijyb the Twisted Goblin comes into view.
Ijyb shouts!
Ijyb screams, "I cut your head off!"
Ijyb zaps a wand.
You are blasted!
It is a wand of disintegration.
You closely miss Ijyb. Ijyb hits you but does no damage.
You barely miss Ijyb. You block Ijyb's attack.
Ijyb zaps a wand.
You are blasted!
You barely miss Ijyb.
Ijyb screams, "Get away!"
Ijyb zaps a wand.
You are blasted!
You closely miss Ijyb. Ijyb hits you but does no damage.
You closely miss Ijyb. You block Ijyb's attack.
Ijyb zaps a wand.
You barely resist. You closely miss Ijyb. You block Ijyb's attack.
You barely miss Ijyb. Ijyb hits you.
You barely miss Ijyb.
Ijyb zaps a wand.
You are blasted!
Ouch! That really hurt!
You die...

######## .......##
........#########
######..........#
).......#######.########
#####...........@.......
........######.#g.......
.................#######
.....)..########.#
#####...# #.# #...# #.#
#####..## #.# .......#
#.. #####(.#


You could see Ijyb.

Vanquished Creatures
  An ooze (D:3)
  A worm (D:2)
  An orc (D:3)
  3 giant cockroaches
  8 goblins
  8 hobgoblins
  10 jackals (D:1)
  6 kobolds
  A quokka (D:2)
  A ball python (D:1)
  5 bats
  2 giant newts (D:1)
  4 rats
51 creatures vanquished.

Notes
Turn   | Place    | Note
--------------------------------------------------------------
     0 | D:1      | Minkie the Gargoyle Fighter began the quest for the Orb.
     0 | D:1      | Reached XP level 1. HP: 14/14 MP: 1/1
    51 | D:1      | Reached XP level 2. HP: 19/19 MP: 2/2
   487 | D:1      | Reached XP level 3. HP: 21/23 MP: 3/3
  1465 | D:2      | Reached XP level 4. HP: 27/29 MP: 4/4
  1576 | D:3      | Reached skill level 4 in Fighting
  1581 | D:3      | Found a sparkling altar of Nemelex Xobeh.
  1665 | D:3      | Noticed Ijyb
  1675 | D:3      | Blown up by Ijyb

Vault maps used:
D:1:      tarquinn_simple_flora_water_a, minmay_misc_feat_chi,
          minmay_misc_feat_tower
D:3:      lemuel_round_altar, first_bread, nemelex_dance_club_becter, uniq_iyjb

Action                   |  1- 3 |  4- 6 || total
-------------------------+-------+-------++-------
Melee: Flail             |   170 |    29 ||   199
  Eat: Chunk             |     2 |     1 ||     3
